 Dungeon Crawl Stone Soup version 0.25.1-2-g60ff931df9 (webtiles) character file.

Game seed: 17442643594370739713

33 hawla the Skirmisher (level 3, -3/33 HPs)
             Began as a Minotaur Berserker on Oct 28, 2020.
             Was a Follower of Trog.
             Slain by Sigmund
             ... wielding a +0 scythe
              (8 damage)
             ... on level 2 of the Dungeon.
             The game lasted 00:01:29 (764 turns).

hawla the Skirmisher (Minotaur Berserker)            Turns: 764, Time: 00:01:30

Health: -3/33      AC:  2    Str: 28    XL:     3   Next: 12%
Magic:  2/2        EV: 12    Int:  4    God:    Trog [*.....]
Gold:   50         SH:  0    Dex:  9    Spells: 2/2 levels left

rFire    . . .     SeeInvis .   a - +1 falchion
rCold    . . .     Gourm    .   (no shield)
rNeg     . . .     Faith    .   b - +0 animal skin
rPois    .         Spirit   .   (helmet restricted)
rElec    .         Reflect  .   (no cloak)
rCorr    .         Harm     .   (no gloves)
MR       .....                  (no boots)
Stlth    +.........             f - amulet of magic regeneration
HPRegen  0.11/turn              e - +6 ring of strength
MPRegen  0.33/turn              (no ring)

@: no status effects
A: retaliatory headbutt, horns 2
a: Berserk, Renounce Religion


You were on level 2 of the Dungeon.
You worshipped Trog.
Trog was aware of your devotion.
You were not hungry.

You visited 1 branch of the dungeon, and saw 2 of its levels.

You collected 50 gold pieces.

Inventory:

Hand Weapons
 a - a +1 falchion (weapon)
Armour
 b - a +0 animal skin (worn)
Jewellery
 e - a +6 ring of strength (left hand)
 f - an amulet of magic regeneration (around neck)
Scrolls
 g - a scroll of remove curse
 h - a scroll of identify
 i - a scroll of noise {unknown}
Comestibles
 c - 3 rations
 d - 6 chunks of flesh


   Skills:
 + Level 4.2 Fighting
 + Level 4.2 Long Blades
 + Level 2.6 Armour
 * Level 2.7 Dodging


You had 2 spell levels left.
You didn't know any spells.
Your spell library was empty.

Dungeon Overview and Level Annotations

Branches:
Dungeon (2/15)

Altars:

Annotations:
D:2 Sigmund


Innate Abilities, Weirdness & Mutations

You reflexively headbutt those who attack you in melee.
You have a pair of horns on your head.


Message History

c - 3 rations (gained 1)
i - a scroll labeled WURISEOHOCK Sigmund the Dreaded comes into view.
He is wielding a +0 scythe.
Sigmund shouts!
Sigmund points at you and mumbles some strange words.
The magic dart hits you!
Quiver which item? (- for none, * to show all) (? for menu, Esc to quit)
Okay, then.
Sigmund casts a spell.
Sigmund flickers and vanishes!
Deactivating autopickup; reactivate with Ctrl-A.
You slash something! Something hits you!
You slash something! You hit something but do no damage.
You hear some strange, mumbled words.
A magic dart appears from out of thin air!
The magic dart hits you!
* * * LOW HITPOINT WARNING * * *
You barely miss something. Your headbutt misses something. Something hits you!
You die...

,,,,,,,*
*,,,,,,,,** **
*****,**
#.*,,,**,,** *,
,****,*
#.**,***,,,** *,
,,,,,,*
#.**,**,,,,,******,
,***,,*
#.##,*,,,,,,,,,,,,,
,,,,,,*
#...,**,,,,,******,
****,****
#..#****,,,** *,
*,,,,* #.{#####..**
*, ****,*
#.@.......* *, *,*
##.######.* *, *,*
#.# *,** *, *,* #.#
*,,* *, *,* #.#
*#.# *, *,* #.# #.#
*, *,* #.# #.# #, *
*,* #.# #.# #. **
*,* #.# #.# #.


There were no monsters in sight!

Vanquished Creatures
  2 adders (D:2)
  2 leopard geckos
  A goblin (D:1)
  2 hobgoblins (D:1)
  3 bats (D:1)
  3 frilled lizards (D:1)
  3 kobolds (D:1)
16 creatures vanquished.

Notes
Turn   | Place    | Note
-------+----------+-------------------------------------------
     0 | D:1      | hawla the Minotaur Berserker began the quest for the Orb.
     0 | D:1      | Reached XP level 1. HP: 19/19 MP: 0/0
   253 | D:1      | Reached XP level 2. HP: 27/27 MP: 1/1
   668 | D:2      | Reached XP level 3. HP: 33/33 MP: 2/2
   757 | D:2      | Noticed Sigmund
   764 | D:2      | Slain by Sigmund

Illustrated notes

Levels and vault maps discovered:
D:1:      onia_arrival_pentagram, layout_rooms, minmay_cupped
D:2:      layout_loops_ring, uniq_sigmund

Skill      XL: |  1  2 |
---------------+-------+-----
Fighting       | 4 |  4.2
Long Blades    | 4 |  4.2
Armour         | |  2.6
Dodging        | |  2.7

Action                   || total
-------------------------++-------
Melee: Falchion          ||    31
       Headbutt          ||     3
  Use: Scroll            ||     5
Armor: Animal skin       ||     7
Dodge: Dodged            ||    20
       Rpst.: Falchion   ||     3
